 Dungeon Crawl Stone Soup version 0.30-a0-304-gdc4b735fe1 (webtiles) character file.

Game seed: 3851640567746557533

2188 blackman the Slasher (level 9, -1/65 HPs)
             Began as a Human Delver on Oct 20, 2022.
             Was a Believer of Zin.
             Slain by a water moccasin (7 damage)
             ... on level 7 of the Dungeon.
             The game lasted 00:12:19 (6273 turns).

blackman the Slasher (Human Delver)                 Turns: 6273, Time: 00:12:19

Health: -1/65      AC:  5    Str: 19    XL:     9   Next: 59%
Magic:  24/24      EV: 16    Int: 10    God:    Zin [**....]
Gold:   599        SH:  0    Dex: 19    Spells: 8/8 levels left

rFire   . . .      SeeInvis .    e - +6 shillelagh "Devastator" {shatter}
rCold   . . .      Faith    +    (no shield)
rNeg    . . .      Spirit   .    b - +0 leather armour
rPois   .          Reflect  .    h - +0 helmet
rElec   .          Harm     .    (no cloak)
rCorr   +          Rampage  .    x - +0 pair of gloves
Will    .....                    (no boots)
Stlth   +++.......               s
                                   - Hermit's Pendant {Faith Invo=14 Evo=0 MP+5}
HPRegen 0.30/turn                o - +6 ring of strength
MPRegen 0.19/turn                d - ring of resist corrosion

@: lethally poisoned (-1 -> -14)
A: no striking features
a: Renounce Religion, Recite, Vitalisation, Donate Gold


You were on level 7 of the Dungeon.
You worshipped Zin.
Zin was pleased with you.
You visited 2 branches of the dungeon, and saw 8 of its levels.

You collected 732 gold pieces.
You donated 66 gold pieces to Zin.
You paid 67 gold pieces to Gozag.

Inventory:

Hand Weapons
 a - a +1 falchion
 e - the +6 shillelagh "Devastator" (weapon) {shatter}
   (You found it on level 5 of the Dungeon)

   It releases a powerful concussive burst when it strikes, dealing extra damage
   to the target and all other foes adjacent to them.
Missiles
 E - 6 curare-tipped darts
 F - 4 poisoned darts (quivered)
Armour
 b - a +0 leather armour (worn)
 h - a +0 helmet (worn)
 x - a +0 pair of gloves (worn)
 z - a +0 chain mail
Jewellery
 d - a ring of resist corrosion (right hand)
 o - a +6 ring of strength (left hand)
 q - a ring of wizardry
 s - the Hermit's Pendant (around neck) {Faith Invo=14 Evo=0 MP+5}
   (You found it on level 4 of the Dungeon)

   [amulet of faith]

   It sets your invocations skill to 14 and your evocations skill to 0.
   It allows you to gain divine favour quickly.
   MP:        It affects your magic capacity (+5).
Wands
 g - a wand of digging (3)
 i - a wand of paralysis (3)
 m - a wand of flame (21)
Scrolls
 c - a scroll of fog
 k - a scroll of enchant weapon
 l - 2 scrolls of noise
 r - a scroll of silence
 t - 2 scrolls of blinking {unknown}
 v - 2 scrolls of enchant armour {unknown}
 w - 3 scrolls of teleportation {unknown}
 y - a scroll of butterflies {unknown}
 B - 3 scrolls of identify
 G - a scroll of amnesia {unknown}
 H - 2 scrolls of vulnerability {unknown}
 I - a scroll of summoning {unknown}
Potions
 f - 2 potions of berserk rage {unknown}
 j - 2 potions of brilliance {unknown}
 n - 7 potions of curing {unknown}
 p - a potion of cancellation {unknown}
 u - 2 potions of lignification {unknown}
 A - a potion of resistance {unknown}
 C - a potion of might {unknown}
 D - 3 potions of magic {unknown}


   Skills:
 * Level 4.1 Fighting
 - Level 7.2 Long Blades
 - Level 5.2 Maces & Flails
 * Level 7.1 Dodging
 - Level 5.0 Stealth
 - Level 3.5(14.0) Invocations


You had 8 spell levels left.
You didn't know any spells.
Your spell library contained the following spells:

 Spells                   Type           Power      Damage    Failure   Level
 Apportation              Tloc           0%         N/A       41%         1
 Beastly Appendage        Tmut           0%         N/A       41%         1
 Necrotise                Necr           0%         1d4       41%         1
 Wereblood                Tmut           0%         N/A       56%         2
 Gell's Gravitas          Tloc           0%         N/A       80%         3
 Lesser Beckoning         Tloc           0%         N/A       80%         3
 Spider Form              Tmut/Pois      0%         N/A       80%         3
 Teleport Other           Tloc           0%         N/A       80%         3
 Vampiric Draining        Necr           0%         2d6       80%         3
 Manifold Assault         Tloc           0%         N/A       99%         4
 Agony                    Necr           0%         N/A       100%        5
 Alistair's Intoxication  Tmut/Pois      0%         N/A       100%        5
 Dispersal                Tloc           0%         N/A       100%        6
 Disjunction              Tloc           0%         N/A       100%        8


Dungeon Overview and Level Annotations

Branches:
Dungeon (7/15)             Temple (1/1) D:6

Altars:
Cheibriados
Dithmenos
Elyvilon
Fedhas
Gozag
Hepliaklqana
Makhleb
Okawaru
Qazlal
Sif Muna
Uskayaw
Vehumet
Wu Jian
Xom
Yredelemnul
Zin
The Shining One


Message History

You open the door.
An ice beast comes into view.
There is an open door here.
The ice beast hits you but does no damage.
You sock the ice beast!
The ice beast shudders.
You kill the ice beast!
You hear an angry hiss.
A water moccasin comes into view.
Gozag incites the water moccasin against you.
The water moccasin hisses angrily.
The water moccasin goes berserk!
Your Fighting skill increases to level 4!
The water moccasin misses you.
You barely miss the water moccasin. The water moccasin closely misses you.
The water moccasin bites you!
You are poisoned.
The water moccasin poisons you!
You sock the water moccasin!
The water moccasin shudders.
The water moccasin is heavily wounded. x2
You feel very sick. The water moccasin bites you! x2
You hit the water moccasin.
The water moccasin shudders.
The water moccasin is severely wounded. x2
You feel very sick. The water moccasin bites you! The water moccasin bites you.
You are too injured to fight recklessly!
You are too injured to fight recklessly!
You are too injured to fight recklessly!
You are too injured to fight recklessly!
You closely miss the water moccasin.
The water moccasin is severely wounded.
You feel sick. The water moccasin misses you. The water moccasin bites you.
* * * LOW HITPOINT WARNING * * *
You barely miss the water moccasin.
The water moccasin is severely wounded.
You feel sick. The water moccasin bites you!
* * * LOW HITPOINT WARNING * * *
You are lethally poisoned!
The water moccasin poisons you! The water moccasin bites you!
You die...

#...............
#....###..###..#
########+####..# ##
#.......... .#
#.......... .#
#.......... .#
#..#####'## ###S#
####..##.## #.@#
#.......# #..#
#.......' #'#######
#.......#
#....'..###.......#
#.88.##..##......##
#.88.###.###.##..##
#....# #..##.##..#
###### #......#...
#......#..


You could see a water moccasin (berserk, incited).

Vanquished Creatures
  Prince Ribbit (D:6)
  A water moccasin (D:6)
  An orc warrior (D:6)
  2 sky beasts
  A black bear (D:5)
  An ice beast (D:7)
  3 ogres
  A bullfrog (D:6)
  2 scorpions
  3 necrophages
  An electric eel (D:6)
  A howler monkey (D:6)
  3 hounds
  3 jellies
  3 orc priests
  2 orc wizards
  2 iguanas
  5 adders
  23 gnolls
  A shadow imp (D:7)
  A white imp (D:7)
  A worm (D:5)
  2 dart slugs
  17 orcs
  4 ball pythons
  2 endoplasms
  A giant cockroach (D:3)
  8 goblins
  6 hobgoblins
  4 quokkas
  7 bats
  4 frilled lizards
  6 rats
123 creatures vanquished.

Notes
Turn   | Place    | Note
-------+----------+-------------------------------------------
     0 | D:5      | blackman the Human Delver began the quest for the Orb.
     0 | D:5      | Reached XP level 1. HP: 18/18 MP: 1/1
     5 | D:5      | Noticed an ogre
     5 | D:5      | Found the +6 shillelagh "Devastator" {shatter}
    33 | D:5      | Reached XP level 2. HP: 19/24 MP: 2/2
    70 | D:4      | Reached XP level 3. HP: 29/29 MP: 3/3
   146 | D:4      | Reached XP level 4. HP: 15/35 MP: 4/4
   239 | D:4      | Noticed an ogre
   245 | D:4      | Killed an ogre
   246 | D:4      | Reached skill level 5 in Long Blades
   246 | D:4      | Reached XP level 5. HP: 41/41 MP: 5/5
   416 | D:4      | Reached XP level 6. HP: 42/47 MP: 6/6
   608 | D:4      | Noticed an ogre
   613 | D:4      | Killed an ogre
   630 | D:5      | Noticed a black bear
   637 | D:5      | Killed a black bear
   638 | D:5      | Reached XP level 7. HP: 52/52 MP: 7/7
   670 | D:5      | Reached skill level 1 in Maces & Flails
  1289 | D:5      | Found an ornate altar of the Wu Jian Council.
  1397 | D:6      | Found a staircase to the Ecumenical Temple.
  1420 | D:6      | Reached XP level 8. HP: 49/58 MP: 8/8
  1441 | Temple   | Entered the Ecumenical Temple
  1489 | Temple   | Became a worshipper of Gozag Ym Sagoz the Greedy
  1525 | D:6      | Reached skill level 5 in Maces & Flails
  1646 | D:4      | Found a faded altar of an unknown god.
  1646 | D:4      | Found the Hermit's Pendant {Faith Invo=14 Evo=0 MP+5}
  2066 | D:3      | Found a glowing golden altar of the Shining One.
  2167 | D:3      | Found a burning altar of Makhleb.
  4091 | D:6      | Noticed Prince Ribbit
  4100 | D:6      | Killed Prince Ribbit
  4361 | D:6      | Reached skill level 5 in Dodging
  4795 | D:6      | Reached XP level 9. HP: 64/64 MP: 19/19
  5616 | Temple   | Fell from the grace of Gozag
  5616 | Temple   | Became a worshipper of Zin the Law-Giver
  5616 | Temple   | Reached * piety under Zin
  5616 | Temple   | Reached ** piety under Zin
  5657 | D:7      | Reached skill level 1 in Invocations
  5914 | D:7      | Reached *** piety under Zin
  6152 | D:7      | Found a stormy altar of Qazlal.
  6273 | D:7      | Slain by a water moccasin

Illustrated notes

Levels and vault maps discovered:
D:1:      dpeg_arrival_simpleton_a, layout_loops_ring
D:2:      layout_rooms
D:3:      layout_loops_corners, lemuel_doored_altar, tso_metal_star,
          serial_bayou_ford_a
D:4:      layout_loops_ring, hellmonk_guarded_unrand_hermit
D:5:      layout_cave_pools, nicolae_wu_jian_immortal_techniques,
          dilly_guarded_unrand_devastator
D:6:      cheibrodos_helix_gallery, layout_basic,
          minmay_temple_entry_statues_pillars, uniq_prince_ribbit1
D:7:      minmay_chambers_of_fours, layout_gridville, kennysheep_little_box,
          uniq_duvessa
Temple:   nicolae_temple_god_jail

Skill      XL: |  1  2  3  4  5  6  7  8  9 |
---------------+----------------------------+-----
Long Blades    | 3 4 5 6 7 |  7.2
Maces & Flails | 4 5 |  5.2
Dodging        | 5 7 |  7.1
Invocations    | 3 |  3.5
Fighting       | 4 |  4.1
Stealth        | |  5.0

Action                   |  1- 3 |  4- 6 |  7- 9 || total
-------------------------+-------+-------+-------++-------
Melee: Shillelagh        |    13 |    16 |   157 ||   186
       Punch             |       |       |     2 ||     2
Throw: Dart              |       |       |     8 ||     8
Evoke: Wand              |       |     2 |     1 ||     3
  Use: Scroll            |     1 |       |     5 ||     6
       Potion            |     1 |       |       ||     1
 Stab: Fleeing           |     1 |       |       ||     1
       Sleeping          |       |     5 |    12 ||    17
       Paralysed         |       |     1 |       ||     1
Armor: Leather armour    |     1 |     2 |    29 ||    32
Dodge: Dodged            |    11 |     8 |    64 ||    83

Table legend: (Time is in decaauts)
 A = Elapsed time spent in this place.
 B = Non-inter-level travel time spent in this place.
 C = Inter-level travel time spent in this place.
 D = Time resting spent in this place.
 E = Time spent auto-exploring this place.
 F = Levels seen in this place.
 G = Mean time per level.
                   A        B        C        D        E       F      G
               +--------+--------+--------+--------+--------+-----+--------+
         Total |   6284 |   5842 |    442 |    536 |   4360 |   8 |  785.5 |
       Dungeon |   5891 |   5499 |    392 |    243 |   4331 |   7 |  841.6 |
        Temple |    392 |    342 |     50 |    293 |     29 |   1 |  392.0 |
               +--------+--------+--------+--------+--------+-----+--------+

Top non-repeatable levels by time:
     D:6: 1463 daAuts
     D:4: 1037 daAuts
     D:3: 1012 daAuts
     D:5: 656 daAuts
     D:1: 651 daAuts
     D:7: 625 daAuts
     D:2: 445 daAuts
  Temple: 392 daAuts
